 Dungeon Crawl Stone Soup version 0.28.0-53-g5a82cb258f (webtiles) character file.

Game seed: 11766391752052724693

98 Zeld the Chopper (level 4, -7/61 HPs)
             Began as a Minotaur Berserker on May 23, 2022.
             Was a Believer of Trog.
             Mangled by an iguana (9 damage)
             ... on level 3 of the Dungeon.
             The game lasted 00:01:45 (3060 turns).

Zeld the Chopper (Minotaur Berserker)               Turns: 3060, Time: 00:01:46

Health: -7/61      AC:  2    Str: 19    XL:     4   Next: 44%
Magic:  3/3        EV: 12    Int:  4    God:    Trog [**....]
Gold:   163        SH:  0    Dex:  9    Spells: 3/3 levels left

rFire   + . .      SeeInvis .   j - +0 short sword of Sin {vorpal, Fly rF+ rN+ Str-5}
rCold   . . .      Faith    .   (no shield)
rNeg    + . .      Spirit   .   b - +0 animal skin
rPois   .          Reflect  .   (helmet restricted)
rElec   .          Harm     .   (no cloak)
rCorr   .          Rampage  .   (no gloves)
Will    .....                   (no boots)
Stlth   ..........              (no amulet)
HPRegen 0.20/turn               (no ring)
MPRegen 0.08/turn               (no ring)

@: berserking, flying, very quick
A: horns 2, retaliatory headbutt
a: Renounce Religion, Berserk, Trog's Hand


You were on level 3 of the Dungeon.
You worshipped Trog.
Trog was pleased with you.
You visited 1 branch of the dungeon, and saw 4 of its levels.

You collected 163 gold pieces.

Inventory:

Hand Weapons
 a - a +0 hand axe
 j - the +0 short sword of Sin (weapon) {vorpal, Fly rF+ rN+ Str-5}
   (You found it on level 3 of the Dungeon)

   It inflicts extra damage upon your enemies.
   Str:       It affects your strength (-5).
   rF:        It protects you from fire.
   rN:        It protects you from negative energy.
   Fly:       It grants you flight.
Armour
 b - a +0 animal skin (worn)
Scrolls
 h - 4 scrolls of identify {unknown}
Potions
 c - a potion of magic {unknown}
 d - 4 potions of heal wounds {unknown}
 e - a potion of might {unknown}
 f - a potion of lignification {unknown}
 g - a potion of ambrosia {unknown}
 i - a potion of brilliance {unknown}


   Skills:
 * Level 4.7 Fighting
 * Level 4.7 Axes
 + Level 3.1 Armour
 + Level 3.0 Dodging


You had 3 spell levels left.
You didn't know any spells.
Your spell library was empty.

Dungeon Overview and Level Annotations

Branches:
Dungeon (4/15)
 Temple: D:4-7

Altars:
Vehumet


Innate Abilities, Weirdness & Mutations

You have a pair of horns on your head.
You reflexively headbutt those who attack you in melee.


Message History

The orc wizard flickers and vanishes!
There is a stone staircase leading up here.
You fly upwards.
Reactivating autopickup.
There is a stone staircase leading down here.
You start resting.
You feel less confused.
You start resting.
You start resting.
HP restored.
You start waiting.
Done waiting.
You start waiting.
You start waiting.
Done waiting.
You fly downwards.
The iguana bites you! The orc completely misses you.
There is a stone staircase leading up here.
The iguana closely misses you. The orc barely misses you.
You fly upwards.
There is a stone staircase leading down here.
You barely miss the iguana. The iguana barely misses you.
The orc hits you with a +0 morningstar! The iguana bites you.
You hit the iguana but do no damage. You headbutt the iguana.
The iguana is lightly wounded.
The orc hits you with a +0 morningstar! The iguana bites you!
* * * LOW HITPOINT WARNING * * *
You are too injured to fight recklessly!
You are too injured to fight recklessly!
Unknown command.
You barely miss the orc. You headbutt the orc.
The orc is heavily wounded.
The orc barely misses you. You furiously retaliate!
You headbutt the orc!
You kill the orc!
Trog accepts your kill. The iguana bites you.
* * * LOW HITPOINT WARNING * * *
Your Dodging skill increases to level 3!
A red film seems to cover your vision as you go berserk!
You feel yourself moving faster!
You feel mighty! The iguana bites you!
You die...

#### ##... ##..#. ##..###
#### #..## # ####### #..#
##.## # #.....##
###..#####..# .......######
##.....##...## (...........#
#@)###....### ............#
#l#.....#..##
............####.#)######..#
............##...#.# ##.##
.......).#.....###.#
#..#####
.........#....####.#
##.....#
.......#...##..##..#
#.......
.....)###..)##....##
#.####.. .##.######......###
#.# #..


You could see an iguana.

Vanquished Creatures
  An iguana (D:3)
  An adder (D:3)
  3 worms
  A dart slug (D:1)
  2 orcs (D:3)
  3 endoplasms
  5 goblins
  6 hobgoblins
  6 jackals
  2 quokkas
  2 ball pythons
  4 bats
  2 frilled lizards
  5 kobolds
  4 rats
47 creatures vanquished.

Notes
Turn   | Place    | Note
-------+----------+-------------------------------------------
     0 | D:1      | Zeld the Minotaur Berserker began the quest for the Orb.
     0 | D:1      | Reached XP level 1. HP: 19/19 MP: 0/0
   438 | D:1      | Reached XP level 2. HP: 19/27 MP: 1/1
   962 | D:2      | Identified the +12 hunting sling of Dissolution {flame,
                  | rElec rC- Dex+3}
   999 | D:2      | Found a faded altar of an unknown god.
  1185 | D:2      | Reached XP level 3. HP: 30/33 MP: 2/2
  1393 | D:2      | Reached ** piety under Trog
  1710 | D:3      | Reached XP level 4. HP: 10/41 MP: 3/3
  1787 | D:3      | Found a radiant altar of Vehumet.
  2376 | D:3      | Identified the +0 short sword of Sin {vorpal, Fly rF+ rN+
                  | Str-5}
  3059 | D:3      | HP: 1/41 [iguana (2)]
  3060 | D:3      | Mangled by an iguana

Illustrated notes

Levels and vault maps discovered:
D:1:      wander_arrival_desolate, layout_loops_cross, serial_bayou_pond_d,
          kennysheep_doodads, kennysheep_boxes
D:2:      layout_rooms, hellmonk_ecumenical_altar_blasted,
          nicolae_concentric_dashed_squares_mild
D:3:      layout_rooms, nicolae_overflow_hidden_temple,
          overflow_temple_1_default, eino_tiny_chamber
D:4:      layout_cave_pools, kennysheep_mini_moat

Skill      XL: |  1  2  3  4 |
---------------+-------------+-----
Fighting       | 4 |  4.7
Axes           | 4 |  4.7
Armour         | 3 |  3.1
Dodging        | 3 |  3.0

Action                   |  1- 3 |  4- 6 || total
-------------------------+-------+-------++-------
Melee: Hand axe          |    59 |    24 ||    83
       Headbutt          |     8 |     7 ||    15
       Punch             |     2 |       ||     2
       Short sword       |       |     6 ||     6
Invok: Berserk           |       |     1 ||     1
Armor: Animal skin       |     5 |     2 ||     7
Dodge: Dodged            |    32 |    28 ||    60
